TOP OF THE 1ST |
---|
Moose Jaw Ghostbusters batting - Pitching for Riverside Red Bulls : RHP Máximo Salazar | Pitching: RHP Máximo Salazar | | Batting: LHB John Stone | 0-0: Ball 1-0: Ball 2-0: Foul Ball, location: 2F 2-1: Ball 3-1: Base on Balls | Batting: LHB Jon Rogers | 0-0: Called Strike 0-1: Fly out, F6 (Flyball, 56D) | Batting: RHB Billy Mullins | 0-0: Fly out, F8 (Flyball, 8LM) | Batting: SHB Glenn Vadnais | 0-0: Ball 1-0: Foul Ball, location: 2F 1-1: Ball 2-1: Ball 3-1: Foul Ball, location: 2F 3-2: DOUBLE (Line Drive, 89D) John Stone to third John Stone scores | Batting: LHB Jon Scott | 0-0: Ball 1-0: Ball 2-0: Ball 3-0: Called Strike 3-1: Base on Balls | Batting: SHB Rafael Acosta | 0-0: Ball Wild Pitch! Glenn Vadnais to third Jon Scott to second 1-0: Foul Ball, location: 2F 1-1: Fly out, F7 (Flyball, 7S) | Top of the 1st over - 1 run, 1 hit, 0 errors, 2 left on base; Moose Jaw 1 - Riverside 0 | BOTTOM OF THE 1ST |
---|
Riverside Red Bulls batting - Pitching for Moose Jaw Ghostbusters : RHP António Peña | Pitching: RHP António Peña | | Batting: RHB Gilberto Silva | 0-0: Called Strike 0-1: SOLO HOME RUN (Flyball, 78XD), Distance : 403 ft | Batting: RHB Fernando Bórquez | 0-0: Called Strike 0-1: Ball 1-1: Called Strike 1-2: Foul Ball, location: 2F 1-2: Ball 2-2: Reached via error on a dropped throw, E3 | Batting: RHB José García | 0-0: Called Strike 0-1: Foul Ball, location: 2F 0-2: Foul Ball, location: 2F 0-2: Fly out, F9 (Flyball, 9S) | Batting: RHB Zhong Shui | 0-0: Ball Fernando Bórquez steals 2nd base 1-0: Called Strike 1-1: Ground out 4-3 (Groundball, 4) Fernando Bórquez to third | Batting: LHB Miguel Gálvez | 0-0: Ball 1-0: Ground out 3-1 (Groundball, 34) | Bottom of the 1st over - 1 run, 1 hit, 1 error, 1 left on base; Moose Jaw 1 - Riverside 1 | TOP OF THE 2ND |
---|
Moose Jaw Ghostbusters batting - Pitching for Riverside Red Bulls : RHP Máximo Salazar | Batting: RHB Bob Cole | 0-0: Foul Ball, location: 2F 0-1: Ball 1-1: Ball 2-1: Foul Ball, location: 2F 2-2: Fly out, F8 (Flyball, 8LS) | Batting: LHB Tony Beck | 0-0: Ball 1-0: Called Strike 1-1: Ball 2-1: Foul Ball, location: 2F 2-2: Foul Ball, location: 2F 2-2: Fly out, F8 (Flyball, 8RD) | Batting: RHB Johnny MacNamara | 0-0: Called Strike 0-1: Ball 1-1: Ball 2-1: Ball 3-1: Swinging Strike 3-2: Strikes out swinging | Top of the 2nd over - 0 runs, 0 hits, 0 errors, 0 left on base; Moose Jaw 1 - Riverside 1 | BOTTOM OF THE 2ND |
---|
Riverside Red Bulls batting - Pitching for Moose Jaw Ghostbusters : RHP António Peña | Batting: RHB Patrick Daniels | 0-0: Called Strike 0-1: Swinging Strike 0-2: SOLO HOME RUN (Line Drive, 7LD), Distance : 410 ft | Batting: RHB Robert Stevens | 0-0: Ball 1-0: Foul Ball, location: 2F 1-1: Swinging Strike 1-2: Ball 2-2: Fly out, F5 (Popup, 5SF) | Batting: RHB Pete Woods | 0-0: Ball 1-0: Ball 2-0: Ball 3-0: Called Strike 3-1: Foul Ball, location: 2F 3-2: Ground out 6-3 (Groundball, 6) | Batting: RHB Gilberto Tovar | 0-0: Foul Ball, location: 2F 0-1: Swinging Strike 0-2: Ball 1-2: Ball 2-2: Ball 3-2: Strikes out swinging | Bottom of the 2nd over - 1 run, 1 hit, 0 errors, 0 left on base; Moose Jaw 1 - Riverside 2 | TOP OF THE 3RD |
---|
Moose Jaw Ghostbusters batting - Pitching for Riverside Red Bulls : RHP Máximo Salazar | Batting: LHB John Stone | 0-0: Ball 1-0: SINGLE (Groundball, 5D) | Batting: LHB Jon Rogers | 0-0: Ball 1-0: Foul Ball, location: 2F 1-1: Foul Ball, location: 2F 1-2: Ball 2-2: Foul Ball, location: 2F 2-2: 2-RUN HOME RUN (Flyball, 89XD), Distance : 401 ft | Batting: RHB Billy Mullins | 0-0: Ball 1-0: Ball 2-0: Ground out 5-3 (Groundball, 56) | Batting: SHB Glenn Vadnais | 0-0: Ball 1-0: Foul Ball, location: 2F 1-1: Ball 2-1: Ball 3-1: Base on Balls | Batting: LHB Jon Scott | 0-0: Foul Ball, location: 2F 0-1: Ball Wild Pitch! Glenn Vadnais to second 1-1: Called Strike 1-2: Hit by Pitch | Batting: SHB Rafael Acosta | 0-0: Ball 1-0: Ball 2-0: Foul Ball, location: 2F 2-1: Reached on error, E1 (Groundball, 13S) Glenn Vadnais to third Jon Scott to second | Batting: RHB Bob Cole | 0-0: Called Strike 0-1: Grounds into double play, 5-4-3 (Groundball, 56) | Top of the 3rd over - 2 runs, 2 hits, 1 error, 2 left on base; Moose Jaw 3 - Riverside 2 | BOTTOM OF THE 3RD |
---|
Riverside Red Bulls batting - Pitching for Moose Jaw Ghostbusters : RHP António Peña | Batting: RHB Gilberto Silva | 0-0: Called Strike 0-1: Ball 1-1: Ball 2-1: Swinging Strike 2-2: Ground out 6-3 (Groundball, 6) | Batting: RHB Fernando Bórquez | 0-0: Ball 1-0: Swinging Strike 1-1: Swinging Strike 1-2: Strikes out swinging | Batting: RHB José García | 0-0: Ball 1-0: Called Strike 1-1: Ground out 6-3 (Groundball, 6) | Bottom of the 3rd over - 0 runs, 0 hits, 0 errors, 0 left on base; Moose Jaw 3 - Riverside 2 | TOP OF THE 4TH |
---|
Moose Jaw Ghostbusters batting - Pitching for Riverside Red Bulls : RHP Máximo Salazar | Batting: LHB Tony Beck | 0-0: Called Strike 0-1: Swinging Strike 0-2: Ball 1-2: Ball 2-2: Fly out, F7 (Flyball, 7) | Batting: RHB Johnny MacNamara | 0-0: Ball 1-0: Ball 2-0: Ball 3-0: Base on Balls | Batting: LHB John Stone | 0-0: Foul Ball, location: 2F 0-1: Ball 1-1: Ball 2-1: Called Strike 2-2: Ball 3-2: Base on Balls Johnny MacNamara to second | Batting: LHB Jon Rogers | 0-0: Called Strike 0-1: Ball 1-1: Foul Ball, location: 2F 1-2: Foul Ball, location: 2F 1-2: Ball 2-2: Strikes out swinging | Batting: RHB Billy Mullins | 0-0: Ball 1-0: Ball 2-0: Ball 3-0: Called Strike 3-1: Foul Ball, location: 2F 3-2: Ground out 4-3 (Groundball, 34D) | Top of the 4th over - 0 runs, 0 hits, 0 errors, 2 left on base; Moose Jaw 3 - Riverside 2 | BOTTOM OF THE 4TH |
---|
Riverside Red Bulls batting - Pitching for Moose Jaw Ghostbusters : RHP António Peña | Batting: RHB Zhong Shui | 0-0: Called Strike 0-1: Ball 1-1: Foul Ball, location: 2F 1-2: Ball 2-2: Foul Ball, location: 2F 2-2: SOLO HOME RUN (Flyball, 7D), Distance : 400 ft | Batting: LHB Miguel Gálvez | 0-0: Ball 1-0: Ball 2-0: Ball 3-0: Called Strike 3-1: Foul Ball, location: 2F 3-2: Fly out, F9 (Flyball, 9S) | Batting: RHB Patrick Daniels | 0-0: Ball 1-0: Ball 2-0: Fly out, F4 (Popup, 13) | Batting: RHB Robert Stevens | 0-0: Ball 1-0: Ground out 6-3 (Groundball, 6) | Bottom of the 4th over - 1 run, 1 hit, 0 errors, 0 left on base; Moose Jaw 3 - Riverside 3 | TOP OF THE 5TH |
---|
Moose Jaw Ghostbusters batting - Pitching for Riverside Red Bulls : RHP Máximo Salazar | Batting: SHB Glenn Vadnais | 0-0: Called Strike 0-1: Fly out, F3 (Popup, 3F) | Batting: LHB Jon Scott | 0-0: Ball 1-0: Called Strike 1-1: Ball 2-1: Swinging Strike 2-2: Ball 3-2: Base on Balls | Batting: SHB Rafael Acosta | 0-0: Ground out 5-3 (Groundball, 5) Jon Scott to second | Batting: RHB Bob Cole | 0-0: Called Strike 0-1: SINGLE (Line Drive, 89M) Jon Scott to third Runner from 3rd tries for Home, SAFE, throw made home | Batting: LHB Tony Beck | 0-0: 2-RUN HOME RUN (Flyball, 89XD), Distance : 422 ft | Pitching: LHP Pepe Gómez | | Batting: RHB Johnny MacNamara | 0-0: SINGLE (Line Drive, 4MD) | Batting: LHB John Stone | 0-0: Called Strike Johnny MacNamara steals 2nd base 0-1: Ball 1-1: Ball 2-1: Ground out 3-1 (Groundball, 34) | Top of the 5th over - 3 runs, 3 hits, 0 errors, 1 left on base; Moose Jaw 6 - Riverside 3 | BOTTOM OF THE 5TH |
---|
Riverside Red Bulls batting - Pitching for Moose Jaw Ghostbusters : RHP António Peña | Batting: RHB Pete Woods | 0-0: Ball 1-0: Foul Ball, location: 2F 1-1: Foul Ball, location: 2F 1-2: Foul Ball, location: 2F 1-2: Ball 2-2: Strikes out swinging | Batting: RHB Gilberto Tovar | 0-0: Ball 1-0: Ball 2-0: Called Strike 2-1: SINGLE (Groundball, 56D) | Batting: RHB Gilberto Silva | 0-0: Ball 1-0: Ball 2-0: Fielders Choice at 2nd, 6-4 (Groundball, 6) | Batting: RHB Fernando Bórquez | 0-0: Ball 1-0: Foul Ball, location: 2F 1-1: Ball 2-1: Called Strike 2-2: Ball 3-2: DOUBLE (Line Drive, 8LD) Gilberto Silva to third Gilberto Silva scores | Batting: RHB José García | 0-0: Ball 1-0: Ground out 5-3 (Groundball, 56S) | Bottom of the 5th over - 1 run, 2 hits, 0 errors, 1 left on base; Moose Jaw 6 - Riverside 4 | TOP OF THE 6TH |
---|
Moose Jaw Ghostbusters batting - Pitching for Riverside Red Bulls : LHP Pepe Gómez | Batting: LHB Jon Rogers | 0-0: Ball 1-0: Foul Ball, location: 2F 1-1: Foul Ball, location: 2F 1-2: Foul Ball, location: 2F 1-2: Strikes out swinging | Batting: RHB Billy Mullins | 0-0: Ball 1-0: Ball 2-0: Ground out 1-3 (Groundball, 13S) | Batting: SHB Glenn Vadnais | 0-0: Ball 1-0: Ball 2-0: Reached on error, E6 (Groundball, 6) | Batting: LHB Jon Scott | 0-0: Ball 1-0: Foul Ball, location: 2F 1-1: Swinging Strike 1-2: Foul Ball, location: 2F 1-2: Strikes out swinging | Top of the 6th over - 0 runs, 0 hits, 1 error, 1 left on base; Moose Jaw 6 - Riverside 4 | BOTTOM OF THE 6TH |
---|
Riverside Red Bulls batting - Pitching for Moose Jaw Ghostbusters : RHP António Peña | Pitching: LHP Javier Galeas | | Batting: RHB Zhong Shui | 0-0: Ball 1-0: Ball 2-0: Ground out 5-3 (Groundball, 56S) | Batting: LHB Miguel Gálvez | 0-0: Ball 1-0: Ball 2-0: Foul Ball, location: 2F 2-1: Fly out, F9 (Flyball, 9) | Batting: RHB Patrick Daniels | 0-0: Called Strike 0-1: Called Strike 0-2: Foul Ball, location: 2F 0-2: Ball 1-2: Foul Ball, location: 2F 1-2: Foul Ball, location: 2F 1-2: Ball 2-2: Foul Ball, location: 2F 2-2: Ball 3-2: Strikes out looking | Bottom of the 6th over - 0 runs, 0 hits, 0 errors, 0 left on base; Moose Jaw 6 - Riverside 4 | TOP OF THE 7TH |
---|
Moose Jaw Ghostbusters batting - Pitching for Riverside Red Bulls : LHP Pepe Gómez | Batting: SHB Rafael Acosta | 0-0: Called Strike 0-1: Ball 1-1: Called Strike 1-2: Strikes out swinging | Batting: RHB Bob Cole | 0-0: Ball 1-0: Ball 2-0: Foul Ball, location: 2F 2-1: Swinging Strike 2-2: Strikes out swinging | Batting: LHB Tony Beck | 0-0: Ball 1-0: Swinging Strike 1-1: Swinging Strike 1-2: Foul Ball, location: 2F 1-2: Foul Ball, location: 2F 1-2: Fly out, F2 (Popup, 2L) | Top of the 7th over - 0 runs, 0 hits, 0 errors, 0 left on base; Moose Jaw 6 - Riverside 4 | BOTTOM OF THE 7TH |
---|
Riverside Red Bulls batting - Pitching for Moose Jaw Ghostbusters : LHP Javier Galeas | Batting: RHB Robert Stevens | 0-0: Ball 1-0: Ball 2-0: Reached on error, E6 (Groundball, 6) | Batting: RHB Pete Woods | 0-0: Swinging Strike 0-1: Foul Ball, location: 2F 0-2: Ball 1-2: SINGLE (Groundball, 6D) Robert Stevens to second | Pinch Hitting: RHB Bobby Miller | 0-0: Called Strike 0-1: Foul Ball, location: 2F 0-2: Ball 1-2: Ball 2-2: Grounds into double play, 6-4-3 (Groundball, 56) Robert Stevens to third | Batting: RHB Gilberto Silva | 0-0: Called Strike 0-1: SINGLE (Groundball, 56) (infield hit) Robert Stevens scores | Batting: RHB Fernando Bórquez | 0-0: Ball 1-0: Called Strike 1-1: Fly out, F8 (Flyball, 8RD) | Bottom of the 7th over - 1 run, 2 hits, 1 error, 1 left on base; Moose Jaw 6 - Riverside 5 | TOP OF THE 8TH |
---|
Moose Jaw Ghostbusters batting - Pitching for Riverside Red Bulls : LHP Pepe Gómez | Now at SS: Bobby Miller | | Batting: RHB Johnny MacNamara | 0-0: Swinging Strike 0-1: Called Strike 0-2: Ball 1-2: SINGLE (Line Drive, 89S) | Batting: LHB John Stone | 0-0: Ball 1-0: Bunt - Flyout! F3 | Batting: LHB Jon Rogers | 0-0: Ball 1-0: Foul Ball, location: 2F 1-1: Foul Ball, location: 2F 1-2: Ball 2-2: Fly out, F7 (Flyball, 7LM) | Batting: RHB Billy Mullins | 0-0: Fly out, F8 (Line Drive, 8LD) | Top of the 8th over - 0 runs, 1 hit, 0 errors, 1 left on base; Moose Jaw 6 - Riverside 5 | BOTTOM OF THE 8TH |
---|
Riverside Red Bulls batting - Pitching for Moose Jaw Ghostbusters : LHP Javier Galeas | Batting: RHB José García | 0-0: Ball 1-0: Foul Ball, location: 2F 1-1: Foul Ball, location: 2F 1-2: Strikes out looking | Batting: RHB Zhong Shui | 0-0: Ball 1-0: Called Strike 1-1: Foul Ball, location: 2F 1-2: Ball 2-2: Foul Ball, location: 2F 2-2: Ball 3-2: Reached on error, E3 (Groundball, 3) | Batting: LHB Miguel Gálvez | 0-0: Ball 1-0: Ball 2-0: Foul Ball, location: 2F 2-1: Swinging Strike 2-2: Ball 3-2: Foul Ball, location: 2F 3-2: Fly out, F9 (Line Drive, 9) | Pitching: RHP José Orozco | | Batting: RHB Patrick Daniels | 0-0: Fly out, F8 (Flyball, 8RXD) | Bottom of the 8th over - 0 runs, 0 hits, 1 error, 1 left on base; Moose Jaw 6 - Riverside 5 | TOP OF THE 9TH |
---|
Moose Jaw Ghostbusters batting - Pitching for Riverside Red Bulls : LHP Pepe Gómez | Pitching: RHP Ricardo López | | Batting: SHB Glenn Vadnais | 0-0: Fly out, F9 (Line Drive, 9) | Batting: LHB Jon Scott | 0-0: Called Strike 0-1: Ball 1-1: Ball 2-1: DOUBLE (Groundball, 3L) | Batting: SHB Rafael Acosta | 0-0: Swinging Strike 0-1: Called Strike 0-2: Foul Ball, location: 2F 0-2: Ball 1-2: DOUBLE (Flyball, 89D) Jon Scott scores | Batting: RHB Bob Cole | 0-0: Foul Ball, location: 2F 0-1: Ball 1-1: Ball 2-1: SINGLE (Groundball, 34D) Rafael Acosta to third Runner from 3rd tries for Home, SAFE, no throw | Batting: LHB Tony Beck | 0-0: Ball Bob Cole steals 2nd base 1-0: Ground out 1-3 (Groundball, P) Bob Cole to third | Batting: RHB Johnny MacNamara | 0-0: Foul Ball, location: 2F 0-1: Called Strike 0-2: Ball 1-2: Strikes out looking | Top of the 9th over - 2 runs, 3 hits, 0 errors, 1 left on base; Moose Jaw 8 - Riverside 5 | BOTTOM OF THE 9TH |
---|
Riverside Red Bulls batting - Pitching for Moose Jaw Ghostbusters : RHP José Orozco | Pitching: RHP Pancho Hernández | | Batting: RHB Robert Stevens | 0-0: Ball 1-0: Called Strike 1-1: Foul Ball, location: 2F 1-2: Ball 2-2: Strikes out swinging | Batting: RHB Pete Woods | 0-0: Reached via error on a dropped throw, E3 | Batting: RHB Bobby Miller | 0-0: Called Strike 0-1: Ball 1-1: Foul Ball, location: 2F 1-2: DOUBLE (Line Drive, 78D) Pete Woods to third | Batting: RHB Gilberto Silva | 0-0: Ball 1-0: Swinging Strike 1-1: Reached on error, E6 (Groundball, 6) Pete Woods scores Bobby Miller to third | Batting: RHB Fernando Bórquez | 0-0: Swinging Strike 0-1: Ball 1-1: Ball 2-1: Fly out, F7 (Flyball, 7) | Batting: RHB José García | 0-0: Called Strike 0-1: Fielders Choice at 2nd, 5-4 (Groundball, 5) | Bottom of the 9th over - 1 run, 1 hit, 2 errors, 2 left on base; Moose Jaw 8 - Riverside 6 | |